 Dungeon Crawl Stone Soup version 0.28.0-49-g6dfe1f597d (webtiles) character file.

Game seed: 811078690688424844

11186 mortz the Cleaver (level 11, -8/95 HPs)
             Began as a Hill Orc Fighter on May 14, 2022.
             Was a Priest of Makhleb.
             Mangled by an 11-headed hydra (11 damage)
             ... on level 11 of the Dungeon on May 15, 2022.
             The game lasted 00:47:21 (8668 turns).

mortz the Cleaver (Hill Orc Fighter)                Turns: 8668, Time: 00:47:22

Health: -8/95      AC: 11    Str: 36    XL:     11   Next: 73%
Magic:  14/14      EV: 12    Int:  8    God:    Makhleb [***...]
Gold:   415        SH: 16    Dex: 16    Spells: 10/10 levels left

rFire   . . .      SeeInvis +   A - +9 war axe of the Scorching Genius {speed, Fragile Dex+6, axe}
rCold   . . .      Faith    .   F - +0 kite shield
rNeg    . . .      Spirit   .   y - +0 troll leather armour
rPois   .          Reflect  +   G - +1 helmet {SInv}
rElec   .          Harm     .   q - +2 cloak {Stlth+}
rCorr   .          Rampage  .   (no gloves)
Will    .....                   u - +0 pair of boots
Stlth   ++++......              i - amulet of reflection
HPRegen 1.05/turn               e - +6 ring of strength
MPRegen 0.14/turn               T - +6 ring of strength

@: no status effects
A: no striking features
a: Renounce Religion, Minor Destruction, Lesser Servant of Makhleb


You were on level 11 of the Dungeon.
You worshipped Makhleb.
Makhleb was most pleased with you.
You visited 2 branches of the dungeon, and saw 12 of its levels.

You collected 576 gold pieces.
You spent 161 gold pieces at shops.


   Skills:
 + Level 8.7 Fighting
 + Level 1.6(2.2) Short Blades
 + Level 2.3(2.7) Long Blades
 + Level 14.3(14.8) Axes
 + Level 5.0(9.3) Maces & Flails
 + Level 2.6 Throwing
 + Level 5.1 Armour
 + Level 4.0 Dodging
 + Level 4.6 Stealth
 + Level 8.1 Shields
 * Level 5.2 Invocations


You had 10 spell levels left.
You didn't know any spells.
Your spell library contained the following spells:

 Spells                   Type           Power      Damage    Failure   Level
 Pain                     Necr           0%         1d4       75%         1
 Sting                    Tmut/Pois      0%         1d3       75%         1
 Summon Small Mammal      Summ           0%         N/A       75%         1
 Poisonous Vapours        Pois/Air       0%         N/A       87%         2
 Call Canine Familiar     Summ           0%         N/A       98%         3
 Gell's Gravitas          Tloc           0%         N/A       98%         3
 Inner Flame              Hex/Fire       0%         N/A       98%         3
 Summon Guardian Golem    Hex/Summ       0%         N/A       98%         3
 Teleport Other           Tloc           0%         N/A       98%         3
 Tukima's Dance           Hex            0%         N/A       98%         3
 Anguish                  Hex/Necr       0%         N/A       100%        4
 Cause Fear               Hex            0%         N/A       100%        4
 Olgreb's Toxic Radiance  Pois           0%         N/A       100%        4
 Agony                    Necr           0%         N/A       100%        5
 Excruciating Wounds      Necr           0%         N/A       100%        5
 Freezing Cloud           Conj/Ice/Air   0%         6-21      100%        5
 Dispersal                Tloc           0%         N/A       100%        6
 Simulacrum               Ice/Necr       0%         N/A       100%        6
 Dragon Form              Tmut           0%         N/A       100%        7
 Enfeeble                 Hex            0%         N/A       100%        7
 Discord                  Hex            0%         N/A       100%        8
 Dragon's Call            Summ           0%         N/A       100%        9
 Polar Vortex             Ice            0%         N/A       100%        9

Inventory:

Hand Weapons
 a - a +0 long sword {long}
 k - a +3 vorpal flail {mace}
   (You took it off a gnoll on level 1 of the Dungeon)
 r - a +3 dagger {short}
   (You took it off a goblin on level 3 of the Dungeon)
 z - a +2 rapier of venom {short}
   (You took it off Eustachio on level 4 of the Dungeon)
 A - the +9 war axe of the Scorching Genius (weapon) {speed, Fragile Dex+6, axe}
   (You found it on level 4 of the Dungeon)

   Attacks with this weapon are significantly faster.
   Dex:       It affects your dexterity (+6).
   Fragile:   It will be destroyed if unequipped.
 Z - a +0 hand axe {axe}
   (You took it off an orc on level 10 of the Dungeon)
Missiles
 I - 32 poisoned darts (quivered) {throwing}
Armour
 b - a +0 scale mail
 q - a +2 cloak of stealth (worn)
   (You took it off Crazy Yiuf on level 2 of the Dungeon)
 u - a +0 pair of boots (worn)
   (You found it on level 3 of the Dungeon)
 y - a +0 troll leather armour (worn)
   (You found it on level 3 of the Dungeon)
 E - a +1 hat of willpower
   (You found it on level 8 of the Dungeon)
 F - a +0 kite shield (worn)
   (You found it on level 4 of the Dungeon)
 G - a +1 helmet of see invisible (worn)
   (You bought it in a shop on level 7 of the Dungeon)
 O - a +2 robe of the Archmagi
   (You found it on level 8 of the Dungeon)
Jewellery
 e - a +6 ring of strength (left hand)
   (You found it on level 7 of the Dungeon)
 i - an amulet of reflection (around neck)
   (You found it on level 1 of the Dungeon)
 p - an amulet of magic regeneration {@e2}
   (You found it on level 2 of the Dungeon)
 s - a ring of positive energy
   (You found it on level 11 of the Dungeon)
 M - the necklace of Bloodlust {*Rage Will++ Int-3 Slay+6}
   (You found it on level 7 of the Dungeon)

   [amulet of nothing]

   It extends the wearer's berserk rage when killing foes.
   Int:       It affects your intelligence (-3).
   Slay:      It affects your accuracy & damage with ranged weapons and melee
   (+6).
   *Rage:     It berserks you when you make melee attacks (+50% chance).
   Will:      It greatly increases your willpower.
 N - a +4 ring of evasion
   (You found it on level 8 of the Dungeon)
 P - a +4 ring of evasion
   (You found it on level 8 of the Dungeon)
 T - a +6 ring of strength (right hand)
   (You took it off a kobold brigand on level 9 of the Dungeon)
 X - a ring of protection from fire
   (You found it on level 9 of the Dungeon)
Wands
 g - a wand of charming (4)
   (You found it on level 11 of the Dungeon)
Scrolls
 f - a scroll of holy word {unknown}
 h - 7 scrolls of teleportation {@r4}
 v - 2 scrolls of blinking {!r}
 C - 2 scrolls of brand weapon {unknown}
 D - 2 scrolls of magic mapping {!r}
 J - a scroll of immolation {unknown}
 Q - 2 scrolls of fear {unknown}
 V - a scroll of enchant weapon
 W - a scroll of silence {unknown}
 Y - a scroll of fog {unknown}
Potions
 c - a potion of flight {unknown}
 d - a potion of might
 j - a potion of resistance {unknown}
 l - 2 potions of cancellation
 m - a potion of curing {@q1}
 n - 4 potions of lignification {!q}
 o - a potion of berserk rage {unknown}
 w - 2 potions of mutation {!q}
 x - 2 potions of haste {@q3}
 B - 4 potions of heal wounds {@q2}
 H - 2 potions of invisibility
 K - a potion of ambrosia {unknown}
 R - 2 potions of attraction {unknown}

Dungeon Overview and Level Annotations

Branches:
Dungeon (11/15)            Temple (1/1) D:4            Lair (0/6) D:9
    Orc (0/2) D:9

Altars:
Ashenzari
Cheibriados
Dithmenos
Elyvilon
Fedhas
Gozag
Hepliaklqana
Kikubaaqudgha
Makhleb
Nemelex Xobeh
Okawaru
Qazlal
Ru
Sif Muna
Trog
Uskayaw
Vehumet
Wu Jian
Xom
Yredelemnul
Zin
The Shining One

Shops:
D:7 *   D:9 (

Annotations:
D:8 3 runed translucent doors, RatsInWalls's ghost, novice KoCj
D:9 4 runed translucent doors

.......# ###### .......#
#....# .......# #....#
.......# #....# .......#
#....# ..###### #..[.# ##
..######## #....########...
..#......###....#[.........
..'......'......@D.........
.##......########../..((..(
.##......# ########(((
.##......# .##......#
..###'#### #. #.# . #.#
##+##.#


You could see a 11-headed hydra.


Message History

The five-headed hydra roars!
Throw: 35 darts (poison) {throwing}
Press: ? - help, Q - select action, (/) - cycle Shift-Dir - straight line, f/p - five-headed hydra
Aim: a five-headed hydra (81% to hit)
You throw a poisoned dart {throwing}.
The poisoned dart {throwing} hits the five-headed hydra.
The five-headed hydra is poisoned.
Throw: 34 darts (poison) {throwing}
Press: ? - help, Q - select action, (/) - cycle Shift-Dir - straight line, f/p - five-headed hydra
Aim: a five-headed hydra (poisoned, 81% to hit)
You throw a poisoned dart {throwing}.
The poisoned dart {throwing} hits the five-headed hydra.
Throw: 33 darts (poison) {throwing}
Press: ? - help, Q - select action, (/) - cycle Shift-Dir - straight line, f/p - five-headed hydra
Aim: a five-headed hydra (poisoned, 81% to hit)
You throw a poisoned dart {throwing}.
The poisoned dart {throwing} barely misses the five-headed hydra.
You slice one of the five-headed hydra's heads off!
The four-headed hydra grows two more!
You slice the six-headed hydra!!
You block the six-headed hydra's attack.
The six-headed hydra barely misses you.
You block the six-headed hydra's attack.
The six-headed hydra bites you.
The six-headed hydra bites you but does no damage.
The six-headed hydra bites you. 😕 HP[-9]
You take 9 damage, and now have 86/95 hp.
You slice one of the six-headed hydra's heads off!
The five-headed hydra grows two more!
You slice the seven-headed hydra!! 😕 HP[+1]
You hack one of the seven-headed hydra's heads off!
The six-headed hydra grows two more!
You slice the eight-headed hydra!! The eight-headed hydra misses you.
You block the eight-headed hydra's attack.
The eight-headed hydra bites you but does no damage.
The eight-headed hydra bites you!
The eight-headed hydra barely misses you.
The eight-headed hydra bites you.
The eight-headed hydra bites you but does no damage. x2 😕 HP[-13]
You take 13 damage, and now have 74/95 hp.
You hack one of the eight-headed hydra's heads off!
The seven-headed hydra grows two more!
You slash the nine-headed hydra!
You block the nine-headed hydra's attack. x2
The nine-headed hydra bites you. The nine-headed hydra bites you!
The nine-headed hydra barely misses you.
The nine-headed hydra bites you! The nine-headed hydra misses you.
The nine-headed hydra bites you!
* * * LOW HITPOINT WARNING * * *
The nine-headed hydra bites you but does no damage. 😨 HP[-29]
You take 29 damage, and now have 45/95 hp.
MASSIVE DAMAGE!! (PAUSE)
You hit the nine-headed hydra.
The nine-headed hydra looks more healthy. 😨 HP[+1]
You hack one of the nine-headed hydra's heads off!
The eight-headed hydra grows two more!
You hit the ten-headed hydra.
You block the ten-headed hydra's attack.
The ten-headed hydra bites you but does no damage.
You block the ten-headed hydra's attack.
The ten-headed hydra bites you but does no damage.
You block the ten-headed hydra's attack.
The ten-headed hydra misses you. The ten-headed hydra bites you!
* * * LOW HITPOINT WARNING * * *
The ten-headed hydra bites you!
* * * LOW HITPOINT WARNING * * *
The ten-headed hydra barely misses you. x2 😨 HP[-18]
You take 18 damage, and now have 28/95 hp.
You lop one of the ten-headed hydra's heads off!
The nine-headed hydra grows two more!
You slice the 11-headed hydra!!
The 11-headed hydra bites you but does no damage.
You block the 11-headed hydra's attack. x2; The 11-headed hydra bites you.
* * * LOW HITPOINT WARNING * * *
You block the 11-headed hydra's attack. The 11-headed hydra bites you.
* * * LOW HITPOINT WARNING * * *
The 11-headed hydra misses you. The 11-headed hydra closely misses you.
You block the 11-headed hydra's attack. The 11-headed hydra bites you.
* * * LOW HITPOINT WARNING * * *
The 11-headed hydra misses you. 😱 HP[-9]
You take 9 damage, and now have 19/95 hp. 😱 HP[+1] 😱 HP[+1]
There is an open door here. 😱 HP[+1]
Aiming: Charm
Press: ? - help, Q - select action, (/) - cycle Shift-Dir - straight line, f/p - 11-headed hydra
Aim: an 11-headed hydra (severely wounded, chance to affect: 17%)
The 11-headed hydra resists with almost no effort.
The 11-headed hydra bites you but does no damage.
You block the 11-headed hydra's attack. The 11-headed hydra bites you.
* * * LOW HITPOINT WARNING * * *
The 11-headed hydra bites you!
* * * LOW HITPOINT WARNING * * *
The 11-headed hydra bites you!
* * * LOW HITPOINT WARNING * * *
You block the 11-headed hydra's attack. x2; The 11-headed hydra bites you!
You die...

Skill      XL: |  1  2  3  4  5  6  7  8  9 10 11 |
---------------+----------------------------------+-----
Fighting       | 4 5 6 7 8 |  8.7
Short Blades   | 1 |  1.6
Maces & Flails | 2 3 4 5 |  5.0
Shields        | 4 5 6 7 8 |  8.1
Armour         | 4 5 |  5.1
Dodging        | 1 2 3 4 |  4.0
Axes           | 4 7 10 13 14 | 14.3
Stealth        | 1 2 3 4 |  4.6
Throwing       | 1 2 |  2.6
Invocations    | 1 5 |  5.2
Long Blades    | |  2.3

Action                   |  1- 3 |  4- 6 |  7- 9 | 10-12 || total
-------------------------+-------+-------+-------+-------++-------
Melee: Dagger            |   133 |       |       |       ||   133
       Long sword        |     6 |       |       |       ||     6
       Flail             |    32 |   138 |       |       ||   170
       War axe           |       |       |   173 |   205 ||   378
Throw: Stone             |     2 |     4 |       |       ||     6
       Dart              |       |       |    25 |    27 ||    52
Evoke: Wand              |       |       |       |     1 ||     1
  Use: Potion            |       |     1 |       |       ||     1
       Scroll            |       |       |     5 |     9 ||    14
 Stab: Sleeping          |       |       |    13 |     2 ||    15
       Distracted        |       |       |     1 |     1 ||     2
Armor: Scale mail        |    66 |    31 |       |       ||    97
       Troll leather arm |       |     7 |    29 |    32 ||    68
Dodge: Dodged            |    52 |    42 |    59 |    60 ||   213
Block: Buckler           |    56 |    59 |     8 |       ||   123
       Kite shield       |       |       |    71 |   132 ||   203
       Reflection        |       |       |    13 |    12 ||    25

Levels and vault maps discovered:
D:1:      dpeg_arrival_prison, layout_basic
D:2:      layout_basic, serial_glass, glass_columns_a, glass_columns_c,
          glass_columns_a, glass_columns_a, glass_columns_b, glass_columns_a,
          glass_columns_c, glass_columns_a, chequers_serial_rivers_small_a,
          uniq_crazy_yiuf_cottage
D:3:      layout_loops_ring, nicolae_uskayaw_dance_hall, grunt_ministairs_9,
          roderic_lattice_a, corexii_shack, roderic_cross_of_infinity,
          minmay_misc_feat_columns, minmay_misc_feat_rugged
D:4:      layout_loops_corners, minmay_temple_entry_enclosed_plants,
          minmay_misc_feat_encased, serial_park_tiny_pond, uniq_eustachio
D:5:      layout_rooms, mainiacjoe_overflow_alcove_2
D:6:      layout_cave_pools
D:7:      layout_basic, chequers_temple_overflow_statue_of_worship,
          serial_shops, shop, minmay_strange_pillars, kennysheep_generic_room_10
D:8:      layout_basic, gammafunk_ghost_hydra_chop, kennysheep_generic_room_2
D:9:      layout_rooms, lair_entry_dummy, orc_david_3,
          minmay_hollow_rounded_squares
D:10:     layout_basic, uniq_maurice
D:11:     layout_basic
Temple:   mainiacjoe_temple_coin_purse

Notes
Turn   | Place    | Note
-------+----------+-------------------------------------------
     0 | D:1      | mortz the Hill Orc Fighter began the quest for the Orb.
     0 | D:1      | Reached XP level 1. HP: 19/19 MP: 1/1
     0 | D:1      | magus.rc [v1.9.6]
   289 | D:1      | Reached XP level 2. HP: 27/27 MP: 2/2
   444 | D:1      | Reached skill level 4 in Fighting
   450 | D:1      | Reached XP level 3. HP: 33/33 MP: 3/3
   614 | D:1      | Reached skill level 1 in Short Blades
  1032 | D:2      | Reached XP level 4. HP: 40/40 MP: 4/4
  1188 | D:2      | Reached skill level 1 in Maces & Flails
  1232 | D:2      | You pick up a book of Callings and begin reading...
  1232 | D:2      | You add the spells Summon Small Mammal, Call Canine
                  | Familiar and Summon Guardian Golem to your library.
  1369 | D:2      | Found a runed translucent door.
  1370 | D:2      | Noticed Crazy Yiuf
  1796 | D:2      | HP: 9/40 [Crazy Yiuf/+3 quarterstaff of chaos (2)]
  1800 | D:2      | Killed Crazy Yiuf
  1801 | D:2      | Reached skill level 2 in Maces & Flails
  2014 | D:3      | Reached XP level 5. HP: 47/47 MP: 5/5
  2251 | D:3      | Reached skill level 4 in Shields
  2445 | D:3      | You fall into a shaft and drop 2 floors!
  2445 | D:5      | Entered Level 5 of the Dungeon
  2462 | D:5      | Reached skill level 3 in Maces & Flails
  2477 | D:5      | Reached skill level 4 in Armour
  2477 | D:5      | Reached XP level 6. HP: 42/53 MP: 6/6
  2671 | D:4      | Noticed Eustachio
  2867 | D:3      | Found a hide-covered altar of Uskayaw.
  3261 | D:4      | You add the spells Sting, Poisonous Vapours and Olgreb's
                  | Toxic Radiance to your library.
  3371 | D:4      | Killed Eustachio
  3372 | D:4      | Reached skill level 4 in Maces & Flails
  3372 | D:4      | Reached XP level 7. HP: 43/60 MP: 7/7
  3444 | D:4      | Identified the +9 war axe of the Scorching Genius {speed,
                  | Fragile Dex+6}
  3649 | D:4      | Reached skill level 1 in Dodging
  3824 | D:4      | Found a staircase to the Ecumenical Temple.
  3830 | Temple   | Entered the Ecumenical Temple
  3842 | Temple   | Became a worshipper of Makhleb the Destroyer
  4033 | D:4      | Reached skill level 5 in Fighting
  4327 | D:4      | Reached skill level 1 in Axes
  4327 | D:4      | Reached skill level 5 in Maces & Flails
  4468 | D:5      | Reached skill level 2 in Axes
  4468 | D:5      | Reached skill level 1 in Stealth
  4573 | D:5      | Found a shadowy altar of Dithmenos.
  4641 | D:5      | Reached skill level 3 in Axes
  4831 | D:6      | Reached skill level 4 in Axes
  4831 | D:6      | Reached XP level 8. HP: 66/69 MP: 8/8
  4900 | D:6      | Reached skill level 5 in Axes
  4985 | D:6      | Reached skill level 5 in Shields
  5000 | D:6      | Reached skill level 2 in Stealth
  5072 | D:6      | Reached skill level 6 in Axes
  5186 | D:6      | You add the spells Gell's Gravitas, Teleport Other and
                  | Dispersal to your library.
  5464 | D:7      | Found a basalt altar of Yredelemnul.
  5467 | D:7      | Found an ornate altar of the Wu Jian Council.
  5493 | D:7      | Found Huegec's General Store.
  5500 | D:7      | Reached * piety under Makhleb
  5514 | D:7      | Bought a +0 helmet of see invisible for 161 gold pieces
  5553 | D:7      | Reached skill level 7 in Axes
  5649 | D:7      | Noticed a wyvern
  5656 | D:7      | Killed a wyvern
  5657 | D:7      | Reached skill level 6 in Fighting
  5657 | D:7      | Reached XP level 9. HP: 75/75 MP: 9/9
  5659 | D:7      | Reached skill level 8 in Axes
  5804 | D:7      | You pick up a book of Maledictions and begin reading...
  5804 | D:7      | You add the spells Tukima's Dance, Anguish and Enfeeble to
                  | your library.
  5871 | D:7      | Reached skill level 9 in Axes
  5886 | D:7      | Reached skill level 2 in Dodging
  5886 | D:7      | Found the necklace of Bloodlust {*Rage Will++ Int-3 Slay+6}
  6289 | D:8      | Reached skill level 3 in Stealth
  6422 | D:8      | Reached skill level 1 in Throwing
  6519 | D:8      | Identified a +2 robe of the Archmagi
  6588 | D:8      | Found a runed translucent gate.
  6588 | D:8      | Found a runed translucent gate.
  6588 | D:8      | Found a runed translucent gate.
  6590 | D:8      | Noticed an 11-headed hydra
  6590 | D:8      | Noticed RatsInWalls's ghost (novice KoCj)
  6591 | D:8      | Noticed an 11-headed hydra
  6681 | D:8      | Reached skill level 6 in Shields
  6846 | D:8      | You pick up a book of Hexes and begin reading...
  6846 | D:8      | You add the spells Inner Flame, Cause Fear and Discord to
                  | your library.
  6958 | D:9      | Noticed a two-headed ogre
  6976 | D:9      | Killed a two-headed ogre
  6976 | D:9      | Reached ** piety under Makhleb
  6977 | D:9      | Reached skill level 7 in Fighting
  6977 | D:9      | Reached skill level 10 in Axes
  6977 | D:9      | Reached XP level 10. HP: 58/86 MP: 10/10
  7026 | D:9      | Reached skill level 11 in Axes
  7122 | D:9      | Found a staircase to the Orcish Mines.
  7122 | D:9      | Found Nyat's Weapon Boutique.
  7157 | D:9      | Reached skill level 3 in Dodging
  7165 | D:9      | Reached skill level 12 in Axes
  7165 | D:9      | Reached skill level 5 in Armour
  7267 | D:9      | Found a staircase to the Lair.
  7361 | D:9      | Found a large runed translucent door.
  7361 | D:9      | Found a large runed translucent door.
  7366 | D:9      | Noticed a manticore
  7397 | D:9      | Noticed a seven-headed hydra
  7418 | D:9      | Reached skill level 7 in Shields
  7445 | D:9      | Reached *** piety under Makhleb
  7457 | D:9      | Noticed a shining eye
  7459 | D:9      | Killed a shining eye
  7460 | D:9      | Reached skill level 8 in Fighting
  7460 | D:9      | Reached skill level 4 in Stealth
  7475 | D:9      | You pick up a book of Ice and begin reading...
  7475 | D:9      | You add the spells Freezing Cloud, Simulacrum and Polar
                  | Vortex to your library.
  7497 | D:9      | Found a large runed translucent door.
  7497 | D:9      | Found a large runed translucent door.
  7532 | D:9      | Reached skill level 13 in Axes
  7535 | D:9      | Reached skill level 1 in Invocations
  7535 | D:9      | Reached XP level 11. HP: 94/94 MP: 11/11
  7725 | D:9      | magus.rc [v1.9.6]
  7760 | D:10     | Entered Level 10 of the Dungeon
  7873 | D:10     | Noticed Maurice
  7874 | D:10     | Reached skill level 2 in Invocations
  7898 | D:10     | Reached skill level 3 in Invocations
  7917 | D:10     | Paralysed by Maurice for 5 turns
  7931 | D:10     | Killed Maurice
  8004 | D:10     | You pick up a book of Pain and begin reading...
  8004 | D:10     | You add the spells Pain, Agony and Excruciating Wounds to
                  | your library.
  8013 | D:10     | You pick up a book of the Dragon and begin reading...
  8013 | D:10     | You add the spells Dragon Form and Dragon's Call to your
                  | library.
  8024 | D:10     | Noticed a two-headed ogre
  8033 | D:10     | Killed a two-headed ogre
  8502 | D:11     | Reached skill level 2 in Throwing
  8502 | D:11     | Reached skill level 4 in Invocations
  8506 | D:11     | Noticed a two-headed ogre
  8509 | D:11     | Noticed a two-headed ogre
  8514 | D:11     | Killed a two-headed ogre
  8515 | D:11     | Reached skill level 14 in Axes
  8515 | D:11     | Reached skill level 4 in Dodging
  8517 | D:11     | Noticed a two-headed ogre
  8521 | D:11     | Killed a two-headed ogre
  8522 | D:11     | Reached skill level 8 in Shields
  8528 | D:11     | Killed a two-headed ogre
  8529 | D:11     | Reached skill level 5 in Invocations
  8644 | D:11     | Noticed a cyclops
  8651 | D:11     | Noticed a five-headed hydra
  8651 | D:11     | Killed a cyclops
  8664 | D:11     | HP: 22/95 [11-headed hydra (2)]
  8668 | D:11     | HP: 3/95 [11-headed hydra (8)]
  8668 | D:11     | Mangled by an 11-headed hydra

Vanquished Creatures
  5 two-headed ogres
  A cyclops (D:11)
  A shining eye (shapeshifter) (D:9)
  Maurice (D:10)
  A hornet (D:9)
  2 wyverns
  A vampire (D:9)
  Eustachio (D:4)
  2 wraiths
  13 yaks
  A basilisk (D:9)
  An acid dragon (D:9)
  3 water moccasins
  4 orc warriors
  3 ogres
  A sky beast (D:7)
  5 centaurs
  4 kobold brigands
  A bullfrog (D:7)
  A gnoll sergeant (D:5)
  2 scorpions
  A water moccasin skeleton (D:5)
  11 wights
  10 killer bees
  2 howler monkeys (D:8)
  4 centaur zombies
  2 bullfrog zombies
  4 hounds
  Crazy Yiuf (D:2)
  A gnoll shaman (D:8)
  3 jellies
  2 orc priests
  A bullfrog skeleton (D:5)
  5 iguanas
  5 orc wizards
  A howler monkey zombie (D:9)
  A howler monkey skeleton (D:6)
  9 gnolls
  5 adders
  A shadow imp (D:7)
  2 white imps
  An ufetubus (D:6)
  2 worms
  A dart slug (D:3)
  18 orcs
  12 ball pythons
  7 endoplasms
  2 giant cockroaches
  4 goblins
  11 hobgoblins
  10 jackals
  20 kobolds
  6 quokkas
  4 bats
  2 frilled lizards (D:2)
  7 rats
232 creatures vanquished.

Vanquished Creatures (others)
  3 kobolds
  4 plants (D:8)
7 creatures vanquished.

Grand Total: 239 creatures vanquished

Table legend:
 A = Non-vault XP
 B = Vault XP
 C = Vault XP percentage of total XP
 D = Non-vault monster count
 E = Vault monster count
 F = Vault count percentage of total count
                 A         B        C        D         E       F
            +---------+---------+-------+---------+---------+-------
      Total |   13057 |    2924 |  18.3 |     207 |      25 |  10.8
            +---------+---------+-------+---------+---------+-------
        D:1 |      63 |       0 |   0.0 |      30 |       0 |   0.0
        D:2 |      55 |      44 |  44.4 |      25 |       1 |   3.8
        D:3 |      91 |       6 |   6.2 |      19 |       3 |  13.6
        D:4 |     161 |     202 |  55.6 |      11 |       1 |   8.3
        D:5 |     507 |       0 |   0.0 |      16 |       0 |   0.0
        D:6 |     791 |       0 |   0.0 |      16 |       0 |   0.0
        D:7 |    1271 |      43 |   3.3 |      20 |       1 |   4.8
        D:8 |     526 |     173 |  24.7 |      11 |       2 |  15.4
        D:9 |    3401 |    2023 |  37.3 |      33 |      16 |  32.7
       D:10 |    2326 |     433 |  15.7 |      18 |       1 |   5.3
       D:11 |    3865 |       0 |   0.0 |       8 |       0 |   0.0
            +---------+---------+-------+---------+---------+-------

Illustrated notes

Table legend:
 A = Kills in this place as a percentage of kills in entire the game.
 B = Kills by you in this place as a percentage of kills by you in the entire game.
 C = Kills by friends in this place as a percentage of kills by friends in the entire game.
 D = Other kills in this place as a percentage of other kills in the entire game.
 E = Experience gained in this place as a percentage of experience gained in the entire game.
 F = Experience gained in this place divided by the number of levels of this place that you have seen.
                   A       B       C       D       E      F
               +-------+-------+-------+-------+-------+----------------------
         Total | 100.0 | 100.0 |   N/A |   N/A | 100.0 | 1331.8
       Dungeon | 100.0 | 100.0 |   N/A |   N/A | 100.0 | 1452.8
               +-------+-------+-------+-------+-------+----------------------

Table legend: (Time is in decaauts)
 A = Elapsed time spent in this place.
 B = Non-inter-level travel time spent in this place.
 C = Inter-level travel time spent in this place.
 D = Time resting spent in this place.
 E = Time spent auto-exploring this place.
 F = Levels seen in this place.
 G = Mean time per level.
                   A        B        C        D        E       F      G
               +--------+--------+--------+--------+--------+-----+--------+
         Total |   8690 |   8316 |    374 |    667 |   5654 |  12 |  724.2 |
       Dungeon |   8563 |   8189 |    374 |    667 |   5563 |  11 |  778.5 |
        Temple |    126 |    126 |      0 |      0 |     91 |   1 |  126.0 |
               +--------+--------+--------+--------+--------+-----+--------+

Top non-repeatable levels by time:
     D:2: 1133 daAuts
     D:4: 1102 daAuts
     D:3: 1005 daAuts
     D:1: 904 daAuts
     D:7: 863 daAuts
     D:9: 771 daAuts
     D:8: 758 daAuts
    D:10: 714 daAuts
     D:5: 609 daAuts
     D:6: 534 daAuts
    D:11: 165 daAuts
  Temple: 126 daAuts
